[Event "Belt and Road Women 2024"]
[Site "Yuecheng Shaoxing"]
[Date "2024.08.02"]
[Round "9.1"]
[White "Tan, Zhongyi"]
[Black "Shuvalova, Polina"]
[Result "1-0"]
[ECO "D00"]
[WhiteElo "2540"]
[BlackElo "2467"]
[Annotator "TA"]
[PlyCount "79"]
[EventDate "2024.08.01"]
[EventType "swiss"]
[EventCountry "CHN"]
[SourceTitle "playchess.com"]
[Source "ChessBase"]
[SourceQuality "1"]
[TimeControl "5400+30"]

1. d4 Nf6 2. Nc3 d5 3. Bf4 a6 4. e3 h6 5. h4 e6 6. g4 Bb4 7. Bg2 g6 8. Qf3 {[%emt 0:08:53] White has an edge.} Nxg4 9. Nge2 h5 (9... Nf6 $11 {keeps the balance.}) 10. O-O-O $16 {[%emt 0:00:53][%mdl 1024] White has strong compensation.} Bd7 ({Better is} 10... Nd7) 11. e4 c6 12. Qg3 {[%emt 0:05:35] Threatens to win with f3.} a5 13. Bc7 Qc8 14. Na4 $1 $36 {[%emt 0:00:34][%mdl 2048] White is in control.} Na6 {[%emt 0:02:20] [#]} 15. Be5 Nxe5 16. Qxe5 Rf8 17. Nb6 Qb8 18. exd5 {[%emt 0:06:04] White is much more active.} Qxe5 19. dxe5 {[%emt 0:00:07] Black must now prevent dxc6.} exd5 20. Nxa8 $18 {[%emt 0:00:19] A dynamic duo of knights.} Bc5 {[%emt 0:00:06] [#] Dodges Nb6} 21. Nc3 (21. Bh3 $1 $18) 21... Ke7 $16 {[%emt 0:02:15] [#]} 22. Bxd5 $1 {[%emt 0:04:07][%cal Oe5e6] And now e6! would win.} Rxa8 {[%emt 0:00:06] [#]} 23. Bxf7 {[%emt 0:04:55][%mdl 512] e6 is the strong threat.} Bg4 24. Bxg6 Bxd1 (24... Rg8 $16 {might work better.} 25. Bd3 Bxd1 26. Nxd1 Nb4) 25. Nxd1 $18 ({Resist} 25. Rxd1 Bxf2 26. Ne4 (26. Bxh5 Nc5 $11) 26... Bxh4 $16) 25... Rf8 26. Bxh5 Ke6 27. Bg6 Nb4 28. h5 Kxe5 29. h6 Kf6 30. h7 Rh8 (30... Kg7 {was worth a try.} 31. Ne3 Nxa2+ 32. Kb1 Nb4 33. Nf5+ Kxg6) 31. Be4 Nxa2+ 32. Kd2 Nb4 33. Ne3 {[%emt 0:00:37] Prevents Nd5.} Na6 (33... Rd8+ {keeps fighting.} 34. Ke2 Bxe3) 34. Rg1 {[%emt 0:01:51] White is clearly winning.} Kf7 35. Ng4 Bd4 (35... Bf8 $142 36. f4 (36. Ne5+ Kf6 $18) 36... Bg7 37. Ne5+ Bxe5) 36. Nh6+ Ke6 37. c3 Be5 38. Rg8 Nc5 39. Bf5+ Ke7 40. Ng4 {[%emt 0:00:19] Weighted Error Value: White=0.08 (flawless) /Black=0.31.  Mistake:       	White=1     	Black=7      Inaccurate:     	White=1     	---        OK:         	White=17    	Black=13     Best:        	White=1     	Black=3      Strong:       	White=1     	---} 1-0

[Event "Belt and Road Women 2024"]
[Site "Yuecheng Shaoxing"]
[Date "2024.08.02"]
[Round "9.2"]
[White "Badelka, Olga"]
[Black "Wagner, Dinara"]
[Result "1/2-1/2"]
[ECO "E54"]
[WhiteElo "2389"]
[BlackElo "2454"]
[Annotator "RC"]
[PlyCount "43"]
[EventDate "2024.08.01"]
[EventType "swiss"]
[EventCountry "CHN"]
[SourceTitle "playchess.com"]
[Source "ChessBase"]
[SourceQuality "1"]
[TimeControl "5400+30"]

1. d4 Nf6 2. c4 e6 3. Nc3 Bb4 4. Nf3 O-O 5. e3 d5 6. Bd3 dxc4 7. Bxc4 c5 8. O-O cxd4 9. exd4 b6 10. Bg5 Bb7 11. Ne5 Nbd7 12. Nxd7 Qxd7 13. Bxf6 gxf6 14. d5 Bxc3 15. bxc3 Bxd5 16. Qg4+ Kh8 17. Qh4 Bxc4 18. Qxf6+ Kg8 19. Qg5+ Kh8 20. Qf6+ Kg8 21. Qg5+ Kh8 22. Qf6+ 1/2-1/2

[Event "Belt and Road Women 2024"]
[Site "Yuecheng Shaoxing"]
[Date "2024.08.02"]
[Round "9.3"]
[White "Zhai, Mo"]
[Black "Garifullina, Leya"]
[Result "1/2-1/2"]
[ECO "D38"]
[WhiteElo "2348"]
[BlackElo "2458"]
[Annotator "RC"]
[PlyCount "51"]
[EventDate "2024.08.01"]
[EventType "swiss"]
[EventCountry "CHN"]
[SourceTitle "playchess.com"]
[Source "ChessBase"]
[SourceQuality "1"]
[TimeControl "5400+30"]

1. d4 Nf6 2. c4 e6 3. Nf3 d5 4. Nc3 Bb4 5. Qa4+ Nc6 6. e3 O-O 7. Qc2 Re8 8. Bd2 Bf8 9. a3 e5 10. dxe5 Nxe5 11. cxd5 Nxf3+ 12. gxf3 Nxd5 13. Bd3 Nxc3 14. Bxc3 Qh4 15. O-O-O Be6 16. f4 Rad8 17. Rhg1 f6 18. Rg3 Kh8 19. f5 Bf7 20. f4 Rd6 21. Rdg1 Red8 22. Be2 Qxh2 23. R3g2 Qh3 24. Rg3 Qh2 25. R3g2 Qh3 26. Rg3 1/2-1/2

[Event "Belt and Road Women 2024"]
[Site "Yuecheng Shaoxing"]
[Date "2024.08.02"]
[Round "9.4"]
[White "Yan, Tianqi"]
[Black "Mammadzada, Gunay"]
[Result "1-0"]
[ECO "B94"]
[WhiteElo "2306"]
[BlackElo "2444"]
[Annotator "RC"]
[PlyCount "67"]
[EventDate "2024.08.01"]
[EventType "swiss"]
[EventCountry "CHN"]
[SourceTitle "playchess.com"]
[Source "ChessBase"]
[SourceQuality "1"]
[TimeControl "5400+30"]

1. e4 c5 2. Nf3 d6 3. d4 cxd4 4. Nxd4 Nf6 5. Nc3 a6 6. Bg5 Nbd7 7. Bc4 Qb6 8. Bb3 e6 9. f3 Be7 10. Be3 Nc5 11. g4 Qc7 12. Qd2 b5 13. a3 Nxb3 14. cxb3 Bb7 15. O-O-O O-O 16. Kb1 Nd7 17. g5 Nb6 18. Qf2 b4 19. axb4 d5 20. Nc2 Nd7 21. exd5 Bxd5 22. Nxd5 exd5 23. Rxd5 Rfc8 24. f4 Qc6 25. Rhd1 Rc7 26. Qd2 Nf8 27. Bc5 g6 28. f5 gxf5 29. Ne3 Ne6 30. Nxf5 Nxc5 31. bxc5 Qg6 32. Rd8+ Bf8 33. Rxa8 Qxf5+ 34. Qc2 1-0

[Event "Belt and Road Women 2024"]
[Site "Yuecheng Shaoxing"]
[Date "2024.08.02"]
[Round "9.5"]
[White "Xiao, Yiyi"]
[Black "Lu, Miaoyi"]
[Result "0-1"]
[ECO "C48"]
[WhiteElo "2338"]
[BlackElo "2449"]
[Annotator "RC"]
[PlyCount "84"]
[EventDate "2024.08.01"]
[EventType "swiss"]
[EventCountry "CHN"]
[SourceTitle "playchess.com"]
[Source "ChessBase"]
[SourceQuality "1"]
[TimeControl "5400+30"]

1. e4 e5 2. Nf3 Nc6 3. Nc3 Nf6 4. Bb5 Nd4 5. O-O Nxb5 6. Nxb5 c6 7. Nc3 d6 8. d4 Qc7 9. h3 Be7 10. a4 O-O 11. b3 Re8 12. Re1 Bd7 13. Bb2 Rad8 14. a5 Bc8 15. Qd3 Bf8 16. a6 b5 17. b4 Qb6 18. d5 Bxa6 19. dxc6 Qxc6 20. Nd5 Nxd5 21. exd5 Qb6 22. Ng5 g6 23. Ra5 Bg7 24. Bc1 h6 25. Be3 Qb7 26. Ne4 Qc8 27. Rea1 Bb7 28. Rxa7 f5 29. Qxb5 Re7 30. Nd2 e4 31. R1a2 g5 32. Bb6 Rdd7 33. Nb3 Qc3 34. Na5 e3 35. Bxe3 Rxe3 36. Nxb7 Re1+ 37. Kh2 Rh1+ 38. Kxh1 Qe1+ 39. Kh2 Be5+ 40. g3 Qxf2+ 41. Kh1 Qf3+ 42. Kg1 Bd4+ 0-1

[Event "Belt and Road Women 2024"]
[Site "Yuecheng Shaoxing"]
[Date "2024.08.02"]
[Round "9.6"]
[White "Stefanova, Antoaneta"]
[Black "Ni, Shiqun"]
[Result "1/2-1/2"]
[ECO "D78"]
[WhiteElo "2417"]
[BlackElo "2352"]
[Annotator "RC"]
[PlyCount "108"]
[EventDate "2024.08.01"]
[EventType "swiss"]
[EventCountry "CHN"]
[SourceTitle "playchess.com"]
[Source "ChessBase"]
[SourceQuality "1"]
[TimeControl "5400+30"]

1. Nf3 d5 2. g3 g6 3. d4 Nf6 4. Bg2 Bg7 5. O-O O-O 6. c4 c6 7. a4 a5 8. cxd5 cxd5 9. Qb3 Nc6 10. Nc3 Bf5 11. Bf4 Nb4 12. Rfc1 Rc8 13. h3 h5 14. Nh4 Bd7 15. Be5 Bc6 16. Nf3 Nd7 17. Bf4 Qb6 18. Rd1 Rfd8 19. Bf1 e6 20. Rd2 Nf6 21. Ne5 Nd7 22. Nf3 Nf6 23. Ne5 Nd7 24. Nxd7 Rxd7 25. e3 Qd8 26. g4 hxg4 27. hxg4 Bf6 28. Qd1 Kg7 29. Qf3 Qe7 30. Qg3 Bg5 31. Be5+ f6 32. Bf4 Bxf4 33. exf4 Qd6 34. Re1 Re7 35. Rde2 Rce8 36. Bg2 g5 37. fxg5 Qxg3 38. gxf6+ Kxf6 39. fxg3 Rg7 40. Bf3 Rg5 41. b3 e5 42. dxe5+ Rexe5 43. Rd1 Rxe2 44. Nxe2 Bd7 45. Rd4 Ke5 46. Kf2 b6 47. Kg2 Be6 48. Rf4 Nd3 49. Rd4 Nc1 50. Rd1 Nxb3 51. Nf4 Nc5 52. Bxd5 Bxg4 53. Rb1 Nxa4 54. Bc6 Nc5 1/2-1/2

[Event "Belt and Road Women 2024"]
[Site "Yuecheng Shaoxing"]
[Date "2024.08.02"]
[Round "9.7"]
[White "Pham, Le Thao Nguyen"]
[Black "Guo, Qi"]
[Result "0-1"]
[ECO "A08"]
[WhiteElo "2395"]
[BlackElo "2362"]
[Annotator "RC"]
[PlyCount "94"]
[EventDate "2024.08.01"]
[EventType "swiss"]
[EventCountry "CHN"]
[SourceTitle "playchess.com"]
[Source "ChessBase"]
[SourceQuality "1"]
[TimeControl "5400+30"]

1. Nf3 d5 2. g3 c5 3. Bg2 Nf6 4. O-O Nc6 5. d3 e5 6. Nbd2 Be7 7. e4 O-O 8. Re1 d4 9. a4 Be6 10. h3 Nd7 11. b3 a6 12. Nh2 b5 13. f4 f6 14. Bf3 Nb6 15. Bg4 Bf7 16. a5 Nc8 17. Ndf3 c4 18. Bd2 Nd6 19. h4 Nb7 20. fxe5 fxe5 21. Ng5 Bxg5 22. hxg5 Nbxa5 23. Rb1 c3 24. Bc1 b4 25. Nf3 g6 26. Kg2 Nb7 27. Rh1 Nc5 28. Rh6 Be6 29. Nh4 Ra7 30. Nxg6 hxg6 31. Bxe6+ Nxe6 32. Rxg6+ Kf7 33. Qh5 Ke7 34. Rh6 Kd6 35. Qg4 Qe8 36. g6 Rg7 37. Ra1 a5 38. Qh5 Rf6 39. Bg5 Nxg5 40. Qxg5 Rfxg6 41. Rf1 Kc5 42. Qh4 Rxh6 43. Qxh6 Qg6 44. Qh2 Rh7 45. Qg1 Qg4 46. Rf5 Qh3+ 47. Kf3 Qh1+ 0-1

[Event "Belt and Road Women 2024"]
[Site "Yuecheng Shaoxing"]
[Date "2024.08.02"]
[Round "9.8"]
[White "Kurmangaliyeva, Liya"]
[Black "Velpula Sarayu"]
[Result "1-0"]
[ECO "B92"]
[WhiteElo "2282"]
[BlackElo "2384"]
[Annotator "RC"]
[PlyCount "79"]
[EventDate "2024.08.01"]
[EventType "swiss"]
[EventCountry "CHN"]
[SourceTitle "playchess.com"]
[Source "ChessBase"]
[SourceQuality "1"]
[TimeControl "5400+30"]

1. e4 c5 2. Nf3 d6 3. d4 cxd4 4. Nxd4 Nf6 5. Nc3 a6 6. Be2 e5 7. Nb3 Be7 8. Qd3 Be6 9. Nd5 Nbd7 10. c4 O-O 11. Bd2 Nc5 12. Nxc5 dxc5 13. Bc3 Bxd5 14. exd5 Bd6 15. O-O Qc7 16. Qh3 g6 17. Bd3 Nh5 18. g3 f5 19. f3 b5 20. Rae1 b4 21. Bd2 Qg7 22. Kh1 Rae8 23. Bc1 e4 24. fxe4 Qd4 25. Rd1 fxe4 26. Rxf8+ Bxf8 27. Be2 Qe5 28. Bxh5 gxh5 29. Bf4 Qxb2 30. Qxh5 Qf2 31. Qxe8 Qf3+ 32. Kg1 Qxd1+ 33. Kg2 Qf3+ 34. Kh3 h5 35. Qe6+ Kh7 36. d6 Bg7 37. d7 Qd3 38. Bg5 Qf1+ 39. Kh4 Qe2 40. Qf5+ 1-0

[Event "Belt and Road Women 2024"]
[Site "Yuecheng Shaoxing"]
[Date "2024.08.02"]
[Round "9.9"]
[White "Wang, Qinxuanyi"]
[Black "Zhang, Xiao"]
[Result "0-1"]
[ECO "D37"]
[WhiteElo "2149"]
[BlackElo "2193"]
[Annotator "RC"]
[PlyCount "76"]
[EventDate "2024.08.01"]
[EventType "swiss"]
[EventCountry "CHN"]
[SourceTitle "playchess.com"]
[Source "ChessBase"]
[SourceQuality "1"]
[TimeControl "5400+30"]

1. d4 Nf6 2. c4 e6 3. Nf3 d5 4. Nc3 a6 5. cxd5 exd5 6. Bg5 Be6 7. e3 Nbd7 8. Bd3 Bd6 9. O-O O-O 10. a3 h6 11. Bh4 c6 12. Rc1 Qc7 13. Bg3 Rac8 14. Qc2 Bg4 15. Nd2 Bxg3 16. hxg3 Rfe8 17. Na4 h5 18. Rfe1 Rcd8 19. b4 g6 20. Nf1 Kg7 21. Nc3 Rh8 22. Ne2 Bxe2 23. Qxe2 Ne4 24. Bxe4 dxe4 25. a4 Nf6 26. b5 axb5 27. axb5 Qd7 28. bxc6 bxc6 29. Nh2 Nd5 30. Rc4 f5 31. Rec1 Rc8 32. Nf1 h4 33. gxh4 Rxh4 34. Ng3 Qd6 35. Qd2 Rch8 36. Kf1 f4 37. Nxe4 fxe3 38. Nxd6 exd2 0-1

[Event "Belt and Road Women 2024"]
[Site "Yuecheng Shaoxing"]
[Date "2024.08.02"]
[Round "9.10"]
[White "Ha, Yihan"]
[Black "Zhang, Lanlin"]
[Result "0-1"]
[ECO "E39"]
[WhiteElo "2166"]
[BlackElo "2161"]
[Annotator "RC"]
[PlyCount "80"]
[EventDate "2024.08.01"]
[EventType "swiss"]
[EventCountry "CHN"]
[SourceTitle "playchess.com"]
[Source "ChessBase"]
[SourceQuality "1"]
[TimeControl "5400+30"]

1. d4 Nf6 2. c4 e6 3. Nc3 Bb4 4. Qc2 c5 5. dxc5 O-O 6. Nf3 Na6 7. g3 Nxc5 8. Bg2 Nce4 9. O-O Nxc3 10. bxc3 Be7 11. e4 d6 12. e5 dxe5 13. Nxe5 Qc7 14. Qe2 Ne8 15. Bf4 Nd6 16. Rfd1 f6 17. Nd3 Qxc4 18. Qh5 Nf7 19. Bf1 Qc6 20. Rab1 e5 21. Be3 Qe4 22. Bg2 Qa4 23. f4 e4 24. Nc5 Bxc5 25. Bxc5 Re8 26. Bf1 a6 27. Rb4 Qc6 28. Bc4 Be6 29. Rb6 Qc8 30. Rxe6 Rxe6 31. Qd5 Kh8 32. Kg2 Rc6 33. Qxf7 Rxc5 34. Rd7 Qf8 35. Qe6 Re8 36. Qf7 e3 37. Kf1 b5 38. Be6 Rxc3 39. Ke2 Rc2+ 40. Kd1 e2+ 0-1

[Event "Belt and Road Women 2024"]
[Site "Yuecheng Shaoxing"]
[Date "2024.08.02"]
[Round "9.11"]
[White "Beydullayeva, Govhar"]
[Black "Chen, Yining"]
[Result "1/2-1/2"]
[ECO "D52"]
[WhiteElo "2417"]
[BlackElo "2300"]
[Annotator "RC"]
[PlyCount "148"]
[EventDate "2024.08.01"]
[EventType "swiss"]
[EventCountry "CHN"]
[SourceTitle "playchess.com"]
[Source "ChessBase"]
[SourceQuality "1"]
[TimeControl "5400+30"]

1. d4 d5 2. c4 c6 3. Nf3 Nf6 4. Nc3 e6 5. Bg5 Nbd7 6. e3 Qa5 7. cxd5 Nxd5 8. Qd2 Bb4 9. Rc1 Nxc3 10. bxc3 Ba3 11. Rb1 b6 12. Qd3 h6 13. Bh4 O-O 14. Be2 Re8 15. O-O Bf8 16. e4 Bb7 17. e5 Rac8 18. Rfd1 Rc7 19. c4 c5 20. d5 exd5 21. cxd5 Nxe5 22. Nxe5 Rxe5 23. Qg3 Rxe2 24. Qxc7 Bxd5 25. Bg3 c4 26. Qd8 c3 27. Rxd5 c2 28. Rf1 c1=Q 29. Rxa5 Re1 30. Qd3 bxa5 31. a4 Rxf1+ 32. Qxf1 Qc2 33. Qa1 Be7 34. h3 Bf6 35. Qa3 h5 36. h4 Qb1+ 37. Kh2 Qb4 38. Qc1 g6 39. Qc6 Kg7 40. Kg1 Qb6 41. Qc4 Qd4 42. Qb5 Qb4 43. Qc6 Qe7 44. Qc4 Qe6 45. Qb5 Qf5 46. Qc6 g5 47. hxg5 Bxg5 48. Bd6 Bf6 49. Qe8 Qe6 50. Qxe6 fxe6 51. Bc7 Bc3 52. Kf1 Kf6 53. Ke2 Kf5 54. Kd3 Bb4 55. Bd8 Ke5 56. f3 Kf5 57. Ke3 Bc5+ 58. Kd3 Bb6 59. Bh4 Kf4 60. Be1 Bd8 61. Ke2 h4 62. Bf2 a6 63. Be1 e5 64. Bc3 e4 65. fxe4 Kxe4 66. Bb2 Kf4 67. Bc3 Bc7 68. Be1 Kg4 69. Bc3 Bb6 70. Bd2 Bd8 71. Be1 Kf4 72. Bd2+ Ke4 73. Bc3 Kf4 74. Bd2+ Ke4 1/2-1/2

[Event "Belt and Road Women 2024"]
[Site "Yuecheng Shaoxing"]
[Date "2024.08.02"]
[Round "9.12"]
[White "Li, Xueyi"]
[Black "Wang, Yu A."]
[Result "1/2-1/2"]
[ECO "E11"]
[WhiteElo "2209"]
[BlackElo "2234"]
[Annotator "RC"]
[PlyCount "92"]
[EventDate "2024.08.01"]
[EventType "swiss"]
[EventCountry "CHN"]
[SourceTitle "playchess.com"]
[Source "ChessBase"]
[SourceQuality "1"]
[TimeControl "5400+30"]

1. d4 Nf6 2. c4 e6 3. g3 Bb4+ 4. Bd2 a5 5. Bg2 d5 6. Qc2 O-O 7. Nf3 c5 8. O-O cxd4 9. Bxb4 axb4 10. Nxd4 Nc6 11. Nb3 Qc7 12. cxd5 exd5 13. N1d2 Bg4 14. Nf3 Rfe8 15. e3 Rec8 16. Rfc1 Qb6 17. Qc5 Qxc5 18. Nxc5 Bxf3 19. Bxf3 Ne5 20. Be2 g6 21. f3 Rc6 22. Nb3 Rxc1+ 23. Nxc1 Nc4 24. Kf2 Nxb2 25. Rb1 Rc8 26. Rxb2 Rxc1 27. Rxb4 Rc2 28. a4 Ra2 29. Rd4 h5 30. h3 Rb2 31. e4 dxe4 32. fxe4 Kf8 33. e5 Nh7 34. h4 Ke7 35. Ke1 Nf8 36. Bb5 Rb3 37. Kf2 Rb2+ 38. Ke3 Rb3+ 39. Rd3 Rxd3+ 40. Kxd3 f6 41. exf6+ Kxf6 42. Kd4 Ne6+ 43. Kd5 b6 44. Kc6 Nc5 45. Kxb6 Nxa4+ 46. Bxa4 g5 1/2-1/2

[Event "Belt and Road Women 2024"]
[Site "Yuecheng Shaoxing"]
[Date "2024.08.02"]
[Round "9.13"]
[White "Kairbekova, Amina"]
[Black "Gu, Xiaobing"]
[Result "1/2-1/2"]
[ECO "B86"]
[WhiteElo "2244"]
[BlackElo "2135"]
[Annotator "RC"]
[PlyCount "170"]
[EventDate "2024.08.01"]
[EventType "swiss"]
[EventCountry "CHN"]
[SourceTitle "playchess.com"]
[Source "ChessBase"]
[SourceQuality "1"]
[TimeControl "5400+30"]

1. e4 c5 2. Nf3 d6 3. d4 cxd4 4. Nxd4 Nf6 5. Nc3 a6 6. Bc4 e6 7. Be3 Nbd7 8. Bxe6 fxe6 9. Nxe6 Qa5 10. Nxf8 Nxf8 11. Qxd6 Nxe4 12. Qd5 Qxd5 13. Nxd5 Ne6 14. Nb6 Rb8 15. O-O-O Kf7 16. f3 Nf6 17. h4 h5 18. Rhe1 Rg8 19. Bf2 Nf4 20. Bg3 Nxg2 21. Bxb8 Nxe1 22. Rxe1 Be6 23. Bg3 g5 24. Na4 Bd5 25. Rf1 gxh4 26. Bxh4 Rg2 27. Nc5 Rh2 28. Bg5 Rg2 29. Bf4 Kg6 30. Nd3 Kf5 31. b3 h4 32. Bd6 Nh5 33. Rh1 Bxf3 34. Rxh4 Ke6 35. Bc5 Rg5 36. Be3 Rf5 37. Rb4 Nf6 38. Nc5+ Ke7 39. Kb2 Bc6 40. Nxb7 Nd7 41. Bd2 a5 42. Nxa5 Rxa5 43. Rh4 Rf5 44. Be3 Re5 45. Rh3 Rf5 46. a4 Nf6 47. Ka3 Ne4 48. Rh7+ Kd6 49. Bb6 Bd7 50. Bd4 Kc6 51. b4 Rf3+ 52. Kb2 Bf5 53. Rh6+ Kd5 54. Ba7 Nd6 55. Rh4 Nc4+ 56. Ka2 Rc3 57. Rd4+ Ke5 58. Rd8 Ra3+ 59. Kb1 Rb3+ 60. Kc1 Rxb4 61. Ra8 Rb7 62. a5 Rh7 63. Kd1 Rh1+ 64. Ke2 Rh2+ 65. Bf2 Bg4+ 66. Kf1 Nd2+ 67. Kg1 Nf3+ 68. Kf1 Bh3+ 69. Ke2 Nd4+ 70. Ke3 Nf5+ 71. Ke2 Kf4 72. Rg8 Bg2 73. a6 Bf3+ 74. Ke1 Rh7 75. Kd2 Rh2 76. Ke1 Rh6 77. a7 Rd6 78. Kf1 Rd1+ 79. Be1 Ra1 80. Kf2 Bc6 81. Bd2+ Ke4 82. Rc8 Kd5 83. c4+ Kc5 84. a8=Q Rxa8 85. Rxa8 Bxa8 1/2-1/2

[Event "Belt and Road Women 2024"]
[Site "Yuecheng Shaoxing"]
[Date "2024.08.02"]
[Round "9.14"]
[White "Yang, Yijing"]
[Black "Wang, Chuqiao"]
[Result "1-0"]
[ECO "D35"]
[WhiteElo "2022"]
[BlackElo "2278"]
[Annotator "RC"]
[PlyCount "69"]
[EventDate "2024.08.01"]
[EventType "swiss"]
[EventCountry "CHN"]
[SourceTitle "playchess.com"]
[Source "ChessBase"]
[SourceQuality "1"]
[TimeControl "5400+30"]

1. d4 Nf6 2. c4 e6 3. Nc3 d5 4. cxd5 exd5 5. Bg5 c6 6. e3 h6 7. Bh4 Be7 8. Bd3 O-O 9. Bg3 Bd6 10. Nge2 Re8 11. O-O a5 12. Qd2 Na6 13. f3 Bxg3 14. Nxg3 Be6 15. Rae1 b5 16. Bb1 Qb6 17. Nce2 c5 18. Nf4 Nb4 19. a3 Nc6 20. Qc2 cxd4 21. Nfh5 dxe3 22. Nxf6+ gxf6 23. Qh7+ Kf8 24. Qxh6+ Ke7 25. Rxe3 Ne5 26. Kh1 Rh8 27. Qf4 Rh4 28. Qxh4 Qxe3 29. f4 Nd3 30. Bxd3 Qxd3 31. f5 Bd7 32. Re1+ Kd6 33. Qf4+ Kc6 34. Rc1+ Kb6 35. Qd6+ 1-0

[Event "Belt and Road Women 2024"]
[Site "Yuecheng Shaoxing"]
[Date "2024.08.02"]
[Round "9.15"]
[White "Soumya, Swaminathan"]
[Black "Velikic, Adela"]
[Result "1/2-1/2"]
[ECO "B81"]
[WhiteElo "2258"]
[BlackElo "2290"]
[Annotator "RC"]
[PlyCount "86"]
[EventDate "2024.08.01"]
[EventType "swiss"]
[EventCountry "CHN"]
[SourceTitle "playchess.com"]
[Source "ChessBase"]
[SourceQuality "1"]
[TimeControl "5400+30"]

1. e4 c5 2. Nf3 d6 3. d4 cxd4 4. Nxd4 Nf6 5. Nc3 a6 6. h3 e6 7. g4 h6 8. Bg2 Be7 9. h4 d5 10. exd5 Nxd5 11. Nxd5 exd5 12. Nf5 Bxf5 13. gxf5 Nc6 14. Qxd5 Qxd5 15. Bxd5 O-O-O 16. Be4 Rhe8 17. f3 Ne5 18. Kf2 Nc4 19. Bf4 Bf6 20. Kg3 Nxb2 21. a4 Re7 22. a5 Rd4 23. Rhb1 Na4 24. Ra3 Rc4 25. Bd3 Bxh4+ 26. Kxh4 Rxf4+ 27. Kg3 Rd4 28. f6 gxf6 29. Rh1 Re5 30. Rxh6 Kd7 31. Rxf6 Ke7 32. Rf5 Rxf5 33. Bxf5 Nc5 34. Ra1 Kf6 35. Bh7 Kg7 36. Bf5 Kf6 37. Bh7 Kg5 38. Re1 Rd5 39. Re7 Kf6 40. Rc7 Rg5+ 41. Kf2 Rh5 42. Be4 Nxe4+ 43. fxe4 Ke5 1/2-1/2

[Event "Belt and Road Women 2024"]
[Site "Yuecheng Shaoxing"]
[Date "2024.08.02"]
[Round "9.16"]
[White "Hu, Jiani"]
[Black "Bai, Xue"]
[Result "0-1"]
[ECO "C92"]
[WhiteElo "2148"]
[BlackElo "2114"]
[Annotator "RC"]
[PlyCount "136"]
[EventDate "2024.08.01"]
[EventType "swiss"]
[EventCountry "CHN"]
[SourceTitle "playchess.com"]
[Source "ChessBase"]
[SourceQuality "1"]
[TimeControl "5400+30"]

1. e4 e5 2. Nf3 Nc6 3. Bb5 a6 4. Ba4 Nf6 5. O-O Be7 6. Re1 b5 7. Bb3 d6 8. c3 O-O 9. h3 Bb7 10. d4 Re8 11. Nbd2 Bf8 12. Bc2 g6 13. a3 Bg7 14. d5 Nb8 15. Nf1 c6 16. dxc6 Bxc6 17. Bg5 h6 18. Bxf6 Qxf6 19. Ne3 Nd7 20. Qd2 Kh7 21. Rad1 Bf8 22. Bb3 Nc5 23. Nd5 Bxd5 24. Bxd5 Ra7 25. Nh2 h5 26. Nf1 Bh6 27. Qe2 Qg5 28. Ne3 Rf8 29. b4 Na4 30. Qc2 Rc7 31. c4 Rfc8 32. Qb3 Qe7 33. Rd3 Nb6 34. cxb5 axb5 35. Qa2 Rc1 36. Rxc1 Rxc1+ 37. Kh2 Qf6 38. Qb2 Re1 39. Rd1 Rxd1 40. Nxd1 Nxd5 41. exd5 Qf4+ 42. g3 Qc4 43. a4 bxa4 44. Nc3 a3 45. Qxa3 Bd2 46. Na2 Qxd5 47. Qb2 h4 48. b5 hxg3+ 49. fxg3 Qd3 50. b6 Qe2+ 51. Kh1 Qf1+ 52. Kh2 Be3 53. Qg2 Qxg2+ 54. Kxg2 Bxb6 55. Kf3 f5 56. Nc3 Bd4 57. Nb5 e4+ 58. Ke2 Be5 59. g4 d5 60. Na3 f4 61. Nc2 Bc3 62. Na3 d4 63. Nb5 d3+ 64. Kd1 Be5 65. Na3 e3 66. Nb1 f3 67. Ke1 Bg3+ 68. Kd1 e2+ 0-1